 Dungeon Crawl Stone Soup version 0.20.1-1-g8b1a95d (webtiles) character file.

1113 polly the Cudgeler (level 8, -10/48 HPs)
             Began as a Gargoyle Berserker on Dec 28, 2017.
             Was a Priest of Trog.
             Killed from afar by mandarbmax's ghost (19 damage)
             ... with an orb of energy
             ... on level 5 of the Dungeon.
             The game lasted 00:06:39 (3979 turns).

polly the Cudgeler (Gargoyle Berserker)             Turns: 3979, Time: 00:06:40

Health: -10/48     AC: 21    Str: 19    XL:     8   Next: 33%
Magic:  8/8        EV:  2    Int:  8    God:    Trog [***...]
Gold:   187        SH: 14    Dex:  9    Spells: 7/7 levels left

rFire    . . .     SeeInvis .   e - +0 whip (drain)
rCold    . . .     Gourm    .   j - +0 large shield
rNeg     + + .     Faith    .   m - +0 plate armour
rPois    ∞         Spirit   .   (no helmet)
rElec    +         Reflect  .   (no cloak)
rCorr    .         Harm     .   (no gloves)
MR       ++...                  (no boots)
Stlth    ..........             (no amulet)
Regen    1.2/turn               r - ring of wizardry
MPRegen  0.2/turn               q - ring of positive energy

@: about to teleport, flying, regenerating
A: molten scales 1, slimy green scales 1, clumsy 1, negative energy resistance
1, electricity resistance, weak 1, unbreathing, petrification resistance, rot
immunity, AC +5
a: Berserk, Trog's Hand, Burn Spellbooks, Renounce Religion


You were on level 5 of the Dungeon.
You worshipped Trog.
Trog was most pleased with you.
You were near starving.

You visited 1 branch of the dungeon, and saw 7 of its levels.

You collected 187 gold pieces.

Inventory:

Hand Weapons
 e - a +0 whip of draining (weapon)
Armour
 j - a +0 large shield (worn)
 m - a +0 plate armour (worn)
Jewellery
 q - a ring of positive energy (right hand)
 r - a ring of wizardry (left hand)
Scrolls
 a - 2 scrolls of amnesia {unknown}
 i - 3 scrolls of remove curse
 l - a scroll of blinking {unknown}
 n - 2 scrolls of identify {unknown}
Potions
 k - a potion of brilliance
 p - a potion of agility
Comestibles
 b - 5 meat rations
 c - 3 bread rations
 f - 4 fruits
 h - 3 royal jellies


   Skills:
 + Level 4.7 Fighting
 + Level 6.6 Maces & Flails
 + Level 5.1 Armour
 + Level 2.7 Dodging
 + Level 0.5 Stealth
 + Level 4.6 Shields


You had 7 spell levels left.
You didn't know any spells.

Dungeon Overview and Level Annotations

Branches:
Dungeon (7/15)             Temple (0/1) D:4

Altars:
Gozag
Ru

Annotations:
D:5 mandarbmax's ghost, novice TeCj


Innate Abilities, Weirdness & Mutations

You are resistant to torment.
Your stone body is resilient. (AC +5)
You are immune to poison.
You resist negative energy. (rN+)
You are resistant to electric shocks. (rElec)
You can survive without breathing.
You are immune to petrification.
You are immune to rotting.
You are partially covered in molten scales. (AC +2)
You are partially covered in slimy green scales. (AC +2)
You are clumsy. (Dex -2)
You are weak. (Str -2)


Message History

* * * LOW HITPOINT WARNING * * *
Okay, then.
You're still recovering from your berserk rage.
You closely miss mandarbmax's ghost.
Mandarbmax's ghost is heavily damaged.
Mandarbmax's ghost hits you.
* * * LOW HITPOINT WARNING * * *
Unknown command.
You recover from your berserk rage.
There is an open door here.
You are near starving!
Mandarbmax's ghost casts a spell at you.
The magic dart hits you!
* * * LOW HITPOINT WARNING * * *
Mandarbmax's ghost says, "There is no future for me!"
As you read the scroll labeled QAOCVU NUERE, it crumbles to dust.
You feel strangely unstable.
It was a scroll of teleportation.
Mandarbmax's ghost casts a spell at you.
The orb of energy hits you!
You die...

### #.##### #.....#
#.###.###########
#.#.............#
#.#.#.#########.# #@#.#)#
#.# ###########
#.#.#)####### #.#
..........# ####W#.))......#
#.# ..........#
#...a..........# #.##
..........###..............#
#...
..........†.'.........######
####
..........###............
..........# #.........###
#####'##### ######+#..# ..


You could see a worker ant and mandarbmax's ghost.

Vanquished Creatures
  Menkaure (D:4)
  A phantom (D:6)
  A sky beast (D:6)
  A centaur (D:6)
  A big kobold (D:7)
  A bullfrog (D:7)
  A crimson imp (D:6)
  A gnoll shaman (D:6)
  A jelly (D:5)
  3 orc priests (D:3)
  3 orc wizards
  Natasha (D:4)
  2 worker ants (D:5)
  A howler monkey skeleton (D:6)
  10 gnolls
  3 adders
  3 worms
  2 dart slugs
  4 leopard geckos
  31 orcs
  5 bats
  3 giant cockroaches
  4 goblins
  7 hobgoblins
  4 jackals
  13 kobolds
  2 quokkas
  4 frilled lizards
  10 rats
124 creatures vanquished.

Vanquished Creatures (others)
  A giant cockroach (D:5)
1 creature vanquished.

Grand Total: 125 creatures vanquished

Notes
Turn   | Place    | Note
-------+----------+-------------------------------------------
     0 | D:1      | polly the Gargoyle Berserker began the quest for the Orb.
     0 | D:1      | Reached XP level 1. HP: 14/14 MP: 1/1
   125 | D:1      | Reached XP level 2. HP: 19/19 MP: 2/2
   621 | D:2      | Reached XP level 3. HP: 14/23 MP: 3/3
   893 | D:2      | Found a sacrificial altar of Ru.
   949 | D:2      | Reached XP level 4. HP: 17/29 MP: 4/4
   950 | D:2      | Reached ** piety under Trog
  1307 | D:3      | Reached skill level 4 in Maces & Flails
  1321 | D:3      | Reached XP level 5. HP: 26/33 MP: 5/5
  1730 | D:3      | Reached XP level 6. HP: 16/38 MP: 6/6
  2477 | D:4      | Noticed Natasha
  2493 | D:4      | Killed Natasha
  2523 | D:4      | Noticed Menkaure
  2532 | D:4      | Killed Menkaure
  2532 | D:4      | Reached skill level 5 in Maces & Flails
  2579 | D:4      | Reached skill level 1 in Shields
  2608 | D:4      | Reached *** piety under Trog
  2680 | D:4      | Found a staircase to the Ecumenical Temple.
  2719 | D:4      | You fall through a shaft for 3 floors!
  2735 | D:7      | Reached XP level 7. HP: 42/44 MP: 7/7
  2749 | D:7      | Reached skill level 6 in Maces & Flails
  3351 | D:6      | Reached skill level 5 in Armour
  3351 | D:6      | Reached XP level 8. HP: 38/48 MP: 8/8
  3383 | D:6      | Gained mutation: You are weak. (Str -2) [mutagenic meat]
  3384 | D:6      | Gained mutation: You are partially covered in molten scales. (AC +2) [mutagenic meat]
  3385 | D:6      | Gained mutation: You are clumsy. (Dex -2) [mutagenic meat]
  3386 | D:6      | Gained mutation: You are partially covered in slimy green scales. (AC +2) [mutagenic meat]
  3523 | D:5      | Entered Level 5 of the Dungeon
  3546 | D:5      | Found an opulent altar of Gozag.
  3909 | D:5      | Noticed mandarbmax's ghost (novice TeCj)
  3979 | D:5      | Killed from afar by mandarbmax's ghost

Skill      XL: |  1  2  3  4  5  6  7  8 |
---------------+-------------------------+-----
Dodging        | 2 |  2.7
Fighting       | 4 |  4.7
Armour         | 3 4 5 |  5.1
Maces & Flails | 4 5 6 |  6.6
Shields        | 1 3 4 |  4.6
Stealth        | |  0.5

Action                   |  1- 3 |  4- 6 |  7- 9 || total
-------------------------+-------+-------+-------++-------
Melee: Mace              |   115 |   130 |       ||   245
       Whip              |       |   125 |   283 ||   408
Invok: Berserk           |       |     3 |     2 ||     5
       Trog's Hand       |       |     1 |     2 ||     3
  Use: Potion            |       |     4 |     2 ||     6
       Scroll            |       |     1 |     1 ||     2
  Eat: Chunk             |       |     4 |     9 ||    13
       Bread ration      |       |     1 |       ||     1
       Fruit             |       |       |     2 ||     2
Armor: Animal skin       |     2 |       |       ||     2
       Scale mail        |    75 |    71 |       ||   146
       Plate armour      |       |   100 |   212 ||   312
Dodge: Dodged            |    56 |    85 |    24 ||   165
Block: Large shield      |       |    55 |   242 ||   297
